 Dungeon Crawl Stone Soup version 0.30.0-10-gfe55d96785 (webtiles) character file.

Game seed: 9738285663534890749

32 qeuew the Covered (level 3, 23/23 HPs)
             Began as a Gargoyle Fighter on May 15, 2023.
             Quit the game on level 2 of the Dungeon.
             The game lasted 00:02:07 (980 turns).

qeuew the Covered (Gargoyle Fighter)                 Turns: 980, Time: 00:02:07

Health: 23/23      AC: 12    Str: 19    XL:     3   Next: 25%
Magic:  3/3        EV:  9    Int:  8    God:
Gold:   127        SH:  4    Dex: 11    Spells: 2/2 levels left

rFire   . . .        a - +0 flail
rCold   . . .        c - +0 buckler
rNeg    + . .        b - +0 scale mail
rPois   ∞            (no helmet)
rElec   +            (no cloak)
rCorr   .            f - +1 pair of gloves {hurl}
SInv    .            (no boots)
Will    .....        (no amulet) Stlth
                     (no ring)
HPRegen 0.23/turn    (no ring)
MPRegen 0.08/turn

%: no passive effects
@: no status effects
A: sickness immunity, AC +3, negative energy resistance 1, electricity
resistance, torment resistance 1, petrification resistance
a: no special abilities


You were on level 2 of the Dungeon.
You visited 1 branch of the dungeon, and saw 2 of its levels.

You collected 127 gold pieces.

Inventory:

Hand Weapons
 a - a +0 flail (weapon)
Armour
 b - a +0 scale mail (worn)
 c - a +0 buckler (worn)
 f - a +1 pair of gloves of hurling (worn)
Scrolls
 g - 2 scrolls of enchant armour
 i - a scroll of amnesia {unknown}
 j - a scroll of torment {unknown}
Potions
 d - a potion of might
 e - a potion of haste
 h - a potion of magic {unknown}


   Skills:
 + Level 3.6 Fighting
 + Level 2.2 Maces & Flails
 * Level 3.8 Armour
 + Level 0.7 Dodging
 + Level 3.5 Shields


You had 2 spell levels left.
You didn't know any spells.
Your spell library was empty.

Dungeon Overview and Level Annotations

Branches:
Dungeon (2/15)

Altars:


Innate Abilities, Weirdness & Mutations

You are immune to sickness and miasma.
Your stone body is resilient. (AC +3)
You are immune to poison.
You resist negative energy. (rN+)
You are resistant to electric shocks. (rElec)
You are resistant to unholy torment.
You are immune to petrification.


Message History

No target in view!
You see here a +0 spear.
Found a leather armour.
No target in view!
Found a faded altar of an unknown god.
No target in view!
Found a stone staircase leading up.
No target in view!
i - a scroll labelled NOEBBI VISELU No target in view!
Found a scroll of immolation.
No target in view!
No target in view!
A goblin comes into view. It is wielding a +0 dagger.
The goblin shouts!
The goblin unwields a +0 dagger.
The goblin wields a +0 sling.
The goblin shoots a sling bullet.
The sling bullet hits you but does no damage.
The goblin shoots a sling bullet.
You block the sling bullet.
A goblin is nearby!
The goblin shoots a sling bullet.
The sling bullet hits you.
A goblin is nearby!
The goblin unwields a +0 sling.
The goblin wields a +0 dagger.
You block the goblin's attack.
A goblin is nearby!
You barely miss the goblin. You block the goblin's attack.
A goblin is nearby!
You thump the goblin!
You kill the goblin!
Things that are here:
a +0 dagger; a +0 sling; a goblin corpse
g - 2 scrolls of enchant armour (gained 1)
j - a scroll labelled ATREREYNEKI No target in view!
Found a helmet.
Key pressed, stopping explore.
No target in view!
Search for what [? for help]?
Okay, then.
Are you sure you want to abandon this character and quit the game? (Confirm with "yes".)

..#.#.##.##.
...##.##.#..
......##)#.# #
+#######.#.#.#
#.#.#.# #.....#
###.###
####...#######.#..[
+..........@.......
####...#######.#...
##.#### #....#
####.# +########
#.# .#......# #.#
.#.####.# #.# .#.#
#.# #.#


There were no monsters in sight!

Vanquished Creatures
  4 ball pythons (D:1)
  2 endoplasms (D:1)
  A giant cockroach (D:1)
  5 goblins
  4 hobgoblins
  3 kobolds (D:1)
  2 quokkas (D:1)
  A bat (D:1)
  2 frilled lizards (D:1)
  3 rats (D:1)
27 creatures vanquished.

Notes
Turn   | Place    | Note
-------+----------+-------------------------------------------
     0 | D:1      | qeuew the Gargoyle Fighter began the quest for the Orb.
     0 | D:1      | Reached XP level 1. HP: 14/14 MP: 1/1
   103 | D:1      | Reached XP level 2. HP: 19/19 MP: 2/2
   487 | D:1      | Reached XP level 3. HP: 11/23 MP: 3/3
   815 | D:1      | Identified a scroll of acquirement
   815 | D:1      | Acquired a +1 pair of gloves of hurling
   923 | D:2      | Found a faded altar of an unknown god.
   980 | D:2      | Quit the game

Illustrated notes

Levels and vault maps discovered:
D:1:      minmay_arrival_pointy, layout_basic, minmay_hexomino_u4
D:2:      layout_loops_corners, ebering_ecumenical_altar_box,
          grunt_ministairs_8, uniq_natasha

Action                     || total
---------------------------++-------
  Melee: Flail             ||    87
    Use: Scroll            ||     5
 Armour: Scale mail        ||    48
  Dodge: Dodged            ||    30
  Block: Buckler           ||    21
